Map: Oceanborn LE

Players

Vindicta

  • Race: Terran Terran
  • League: Master
  • Spawn Location: 11:00

A.I. 2 (Very Easy) - Winner!

  • Race: Protoss Protoss
  • Spawn Location: 5:00

VOD

Have the link to the VOD?

Description

Time

  • Played on: Sept. 22, 2024, 4:13 p.m.
  • Length: 10:19
Show
View Real Time Build Order
Export as new Build Order

Vindicta Terran 

Build Orders: Reaper Expand 

Get SALT Encoding   

  12  0:00  SCV  
  13  0:12  SCV  
  14  0:17  Supply Depot  
  14  0:24  SCV  
  15  0:38  SCV  
  15  0:40  Barracks  
  16  0:43  Refinery  
  16  0:50  SCV  
  17  1:03  SCV  
  18  1:15  SCV  
  19  1:28  Orbital Command, Reaper  
  20  1:39  Command Center  
  20  1:49  Supply Depot  
  20  1:53  SCV  
  21  1:59  Marine  
  22  2:05  SCV  
  23  2:09  Factory  
  23  2:17  SCV  
  23  2:18  Bunker  
  23  2:20  Barracks Reactor  
  24  2:28  Refinery  
  25  2:30  SCV  
  25  2:42  SCV  
  26  2:51  Orbital Command  
  26  2:54  SCV  
  26  2:56  Starport  
  26  2:58  Marine x2  
  27  2:59  Factory Tech Lab  
  29  3:06  SCV  
  30  3:16  Marine x2  
  30  3:17  SCV  
  30  3:18  SCV  
  34  3:23  Siege Tank  
  37  3:28  Barracks  
  37  3:29  SCV  
  37  3:30  SCV  
  37  3:34  Marine x2  
  39  3:35  Starport Tech Lab  
  39  3:38  Supply Depot  
  41  3:42  SCV x2  
  43  3:48  Barracks  
  43  3:54  SCV x2  
  45  4:00  Raven, Supply Depot, Marine x2  
  49  4:06  SCV x2  
  51  4:17  Engineering Bay  
  51  4:18  Siege Tank  
  51  4:22  SCV x2, Supply Depot  
  56  4:26  Refinery, Marine  
  56  4:27  Marine  
  58  4:34  SCV x2  
  58  4:35  Supply Depot  
  61  4:43  Stimpack  
  61  4:44  Marauder, Marine  
  64  4:46  SCV x2  
  64  4:51  Supply Depot  
  65  4:54  Refinery  
  65  4:55  Marine  
  65  4:57  Terran Infantry Weapons Level 1  
  65  4:58  SCV  
  68  5:02  SCV, Marauder, Marine  
  71  5:10  SCV  
  71  5:11  Marine  
  71  5:13  Supply Depot  
  71  5:14  Combat Shield  
  73  5:16  Marine  
  73  5:17  SCV  
  73  5:19  Starport Reactor  
  75  5:22  SCV  
  75  5:24  Factory Reactor  
  75  5:27  Marauder  
  78  5:30  Marauder  
  78  5:35  Supply Depot  
  80  5:37  Command Center  
  80  5:39  Marine  
  80  5:41  Marine  
  82  5:49  Marauder, Supply Depot  
  84  5:51  Marine  
  84  5:55  Medivac x2  
  89  5:58  Marine  
  89  5:59  Marine  
  89  6:01  Widow Mine x2  
  95  6:09  Marauder  
  97  6:12  Supply Depot, Marauder  
  97  6:16  Marine x2  
  101  6:25  Medivac x2  
  101  6:29  Concussive Shells  
  101  6:30  Marauder  
  101  6:31  Widow Mine  
  109  6:33  Marine  
  109  6:34  Widow Mine, Marine x2  
  114  6:51  Marauder, Marine  
  114  6:52  Widow Mine, Barracks x2, Marine x2  
  121  6:55  Widow Mine, Viking x2  
  121  6:58  SCV x2  
  121  7:00  Terran Infantry Armor Level 1  
  129  7:10  Marauder, Marine x2  
  133  7:31  Orbital Command  
  133  7:33  SCV x2, Viking x2  
  133  7:34  Marauder  
  133  7:35  Supply Depot x2  
  141  7:41  Barracks Reactor  
  141  7:43  Barracks Tech Lab  
  141  7:50  Supply Depot  
  141  7:52  Supply Depot  
  141  7:56  SCV x2, Marine x2  
  141  7:57  Marauder x2  
  149  8:03  Viking x2  
  149  8:04  Marauder  
  155  8:06  SCV  
  155  8:08  SCV  
  157  8:13  SCV  
  157  8:14  Supply Depot, Marine  
  157  8:18  Marauder  
  157  8:19  Armory  
  163  8:20  Marauder, Engineering Bay  
  163  8:22  SCV x2  
  163  8:25  Marine  
  166  8:27  SCV  
  166  8:33  Viking x2  
  171  8:34  SCV x2  
  171  8:38  Marine x2  
  171  8:39  Refinery  
  171  8:40  Refinery  
  177  8:41  Marauder  
  177  8:42  Marine  
  177  8:45  Marine  
  181  8:50  SCV  
  181  8:54  Supply Depot  
  181  8:55  SCV  
  181  8:56  Supply Depot  
  181  9:02  Command Center  
  181  9:03  Medivac x2, Marine x2  
  187  9:12  SCV x2  
  189  9:17  Ghost Academy  
  189  9:20  Marauder  
  189  9:24  Supply Depot  
  191  9:40  Marine x2  
  191  9:41  Marauder x2  
  191  9:45  Medivac  
  199  9:46  Supply Depot  
  199  9:52  SCV  
  200  10:16  Starport  
  200  10:17  Fusion Core  
Show
View Real Time Build Order
Export as new Build Order

A.I. 2 (Very Easy) Protoss - Winner!

Build Orders: 1 Gate Expand, Nexus First 

Get SALT Encoding   

  12  0:00  Probe  
  13  0:13  Probe  
  14  0:19  Pylon  
  14  0:42  Gateway  
  14  1:00  Nexus  
  14  1:19  Pylon  
  14  1:20  Zealot  
  14  1:22  Assimilator  
  14  1:32  Probe  
  16  1:34  Cybernetics Core  
  17  1:41  Probe  
  18  1:51  Probe  
  19  2:01  Probe  
  19  2:04  Assimilator  
  20  2:09  Probe  
  20  2:14  Stalker  
  23  2:17  Warp Gate, Probe  
  24  2:28  Probe  
  25  2:32  Probe  
  26  2:45  Zealot  
  26  2:54  Probe  
  26  2:56  Assimilator  
  26  2:58  Pylon  
  27  3:01  Probe  
  28  3:08  Probe  
  28  3:11  Robotics Facility  
  29  3:19  Probe  
  30  3:29  Probe  
  30  3:32  Probe  
  32  3:43  Probe  
  33  3:50  Probe  
  34  3:58  Observer, Probe  
  36  4:05  Assimilator, Zealot, Probe  
  36  4:09  Probe  
  39  4:16  Probe, Observer  
  41  4:23  Probe  
  42  4:30  Probe  
  44  4:41  Probe  
  44  4:45  Pylon  
  45  4:48  Probe  
  46  4:55  Probe  
  47  5:02  Probe  
  48  5:20  Sentry  
  50  6:20  Probe  
  50  6:32  Probe  
  50  8:35  Stalker  
  50  8:37  Pylon  
  50  8:40  Probe  
  43  8:47  Probe  
  39  8:53  Probe  
  37  9:03  Zealot  
  37  9:05  Probe  
  40  9:13  Assimilator  
  40  9:15  Probe  
  36  9:17  Pylon  
  37  9:24  Probe  
  36  9:32  Immortal, Probe  
  38  9:41  Probe  
  39  9:53  Probe  
  39  10:01  Stalker  
  39  10:05  Probe  
Tags
 
Add a new tag
Caveats
  • Supply blocks, unpowered buildings, or Contaminate may cause inaccurate times.
  • Supply counts are checked every 10 seconds.